 Dungeon Crawl Stone Soup version 0.26.1-2-gb8aa6d0cf2 (webtiles) character file.

Game seed: 4399154381348733800

43 Groucho the Sneak (level 3, 0/16 HPs)
             Began as a Spriggan Enchanter on Feb 20, 2021.
             Slain by a kobold
             ... wielding a +0 dagger
              (3 damage)
             ... on level 2 of the Dungeon.
             The game lasted 00:02:57 (2149 turns).

Groucho the Sneak (Spriggan Enchanter)              Turns: 2149, Time: 00:02:58

Health: 0/16       AC:  2    Str:  4    XL:     3   Next: 37%
Magic:  7/8        EV: 18    Int: 17    God:
Gold:   108        SH:  0    Dex: 16    Spells: 0/7 levels left

rFire    . . .     SeeInvis +   a - +1 dagger
rCold    . . .     Faith    .   (shield restricted)
rNeg     . . .     Spirit   .   b - +0 robe
rPois    .         Reflect  .   (helmet restricted)
rElec    .         Harm     .   c - scarf {+Inv}
rCorr    .         Rampage  .   (gloves unavailable)
Will     .....                  (boots unavailable)
Stlth    +++.......             (no amulet)
HPRegen  0.05/turn              (no ring)
MPRegen  0.11/turn              (no ring)

@: very quick
A: very small, unfitting armour, see invisible, speed 3
a: Evoke Invisibility


You were on level 2 of the Dungeon.
You visited 1 branch of the dungeon, and saw 2 of its levels.

You collected 108 gold pieces.

Inventory:

Hand Weapons
 a - a +1 dagger (weapon)
Armour
 b - a +0 robe (worn)
 c - a scarf of invisibility (worn)
Jewellery
 d - an uncursed amulet of magic regeneration {unknown}
Scrolls
 e - a scroll of identify {unknown}
 f - a scroll of amnesia {unknown}
 g - a scroll of immolation {unknown}


   Skills:
 - Level 1.1 Short Blades
 - Level 3.0 Dodging
 * Level 5.9 Stealth
 - Level 2.6 Spellcasting
 - Level 3.6 Hexes
 * Level 2.7 Evocations


You couldn't memorise any spells.
You knew the following spells:

 Your Spells              Type           Power        Failure   Level
a - Corona                Hex            15%          4%          1
b - Confusing Touch       Hex            14%          12%         3
c - Tukima's Dance        Hex            14%          12%         3

Your spell library contained the following spells:

 Spells                   Type           Power        Failure   Level
 Ensorcelled Hibernation  Hex/Ice        16%          13%         2
 Dazzling Flash           Conj/Hex       16%          26%         3


Dungeon Overview and Level Annotations

Branches:
Dungeon (2/15)

Altars:


Innate Abilities, Weirdness & Mutations

You are very small and have problems with some larger weapons.
You are too small for most types of armour.
You have supernaturally acute eyesight. (SInv)
You cover ground extremely quickly.


Message History

You hit the worm but do no damage.
The worm is lightly wounded.
The worm completely misses you.
You hit the worm.
The worm is lightly wounded.
Your magical contamination has completely faded away.
You hit the worm.
The worm is moderately wounded.
The worm bites you!
Ouch! That really hurt!
The kobold closely misses you.
You barely miss the kobold. The kobold hits you but does no damage.
You closely miss the kobold. You miss the kobold. The kobold barely misses you.
You barely miss the kobold. The kobold misses you.
You closely miss the kobold. The kobold completely misses you.
You barely miss the kobold. The kobold hits you with a +0 dagger.
* * * LOW HITPOINT WARNING * * *
You hit the kobold but do no damage. The kobold hits you with a +0 dagger.
You die...

#.# #.# #.# #.# #.# #.# #.#
#.# #.# #<##.# ### #.# #.#
#(#.# ... #.# #.# #.)## #.#
#.# #.# ###K## # #.# #.# #.#
###w###. ##.####.##########<##
#....#.#
#.w...w......@K.....###.##....
#.#####.#.######.###.##.##.###
#.# #†#.# #.#####.#.##.## #.#
#.#.# #.#.###.......# #.#
###.#.#####....##.#.##..# #.#
#........##......##.##..#
#......>.............##.##..##
......#.#.##..>...............
#..####.#.##.#...<...##.##..##


You could see a worm and a kobold.

Vanquished Creatures
  A gnoll (D:2)
  An adder (D:2)
  2 worms (D:2)
  A leopard gecko (D:1)
  A bat (D:1)
  A giant cockroach (D:2)
  3 goblins
  A hobgoblin (D:1)
  3 jackals (D:2)
  2 rats
16 creatures vanquished.

Notes
Turn   | Place    | Note
-------+----------+-------------------------------------------
     0 | D:1      | Groucho the Spriggan Enchanter began the quest for the Orb.
     0 | D:1      | Reached XP level 1. HP: 9/9 MP: 5/5
   450 | D:1      | Reached skill level 1 in Evocations
   513 | D:1      | Reached skill level 5 in Stealth
   513 | D:1      | Reached XP level 2. HP: 13/13 MP: 6/6
  1517 | D:2      | Reached XP level 3. HP: 16/16 MP: 8/8
  1575 | D:1      | Learned a level 3 spell: Confusing Touch
  1579 | D:1      | Learned a level 3 spell: Tukima's Dance
  2149 | D:2      | Slain by a kobold

Illustrated notes

Levels and vault maps discovered:
D:1:      shiori_shiawase, layout_loops_ring
D:2:      layout_loops_ring

Skill      XL: |  1  2 |
---------------+-------+-----
Evocations     | 1 2 |  2.7
Stealth        | 5 |  5.9
Short Blades   | |  1.1
Dodging        | |  3.0
Spellcasting   | |  2.6
Hexes          | |  3.6

Action                   || total
-------------------------++-------
Melee: Dagger            ||   113
 Cast: Confusing Touch   ||     2
       Corona            ||     1
 Abil: Evoke Invisibilit ||     1
 Stab: Sleeping          ||     6
       Invisible         ||     2
       Confused          ||     1
Armor: Robe              ||     6
Dodge: Dodged            ||    86
